 Dungeon Crawl Stone Soup version 0.21.0-3-g78d12a8bdd (webtiles) character file.

194 Bapho the Slasher (level 5, -1/46 HPs)
             Began as a Minotaur Abyssal Knight on Jan 12, 2018.
             Was a Believer of Lugonu.
             Slain by a leopard gecko (3 damage)
             ... on level 3 of the Dungeon.
             The game lasted 00:03:54 (2393 turns).

Bapho the Slasher (Minotaur Abyssal Knight)         Turns: 2393, Time: 00:03:54

Health: -1/46      AC:  6    Str: 18    XL:     5   Next: 44%
Magic:  6/6        EV:  9    Int:  9    God:    Lugonu [**....]
Gold:   55         SH:  0    Dex:  9    Spells: 4/4 levels left

rFire    . . .     SeeInvis .   a - +2 falchion
rCold    . . .     Gourm    .   (no shield)
rNeg     . . .     Faith    .   l - +0 scale mail
rPois    .         Spirit   .   (helmet restricted)
rElec    .         Reflect  .   (no cloak)
rCorr    .         Harm     .   (no gloves)
MR       .....                  (no boots)
Stlth    ..........             (no amulet)
HPRegen  0.15/turn              (no ring)
MPRegen  0.10/turn              (no ring)

@: no status effects
A: retaliatory headbutt, horns 2
a: Depart the Abyss, Bend Space, Renounce Religion


You were on level 3 of the Dungeon.
You worshipped Lugonu.
Lugonu was pleased with you.
You were not hungry.

You visited 1 branch of the dungeon, and saw 3 of its levels.
You visited the Abyss 1 time.

You collected 55 gold pieces.

Inventory:

Hand Weapons
 a - a +2 falchion (weapon)
Missiles
 f - 44 stones (quivered)
Armour
 b - a +0 leather armour
 e - a +0 ring mail
 l - a +0 scale mail (worn)
Jewellery
 q - a -2 ring of protection
Scrolls
 d - a scroll of enchant weapon
 k - a scroll of teleportation
Potions
 h - a potion of agility {unknown}
 i - a potion of haste {unknown}
 n - 2 potions of brilliance
 o - a potion of flight {unknown}
Comestibles
 c - 4 rations
 g - a chunk of flesh


   Skills:
 - Level 3.8 Fighting
 * Level 5.7 Long Blades
 - Level 2.4 Armour
 - Level 1.1 Dodging
 + Level 3.4 Invocations


You had 4 spell levels left.
You didn't know any spells.

Dungeon Overview and Level Annotations

Branches:
Dungeon (3/15)

Altars:


Innate Abilities, Weirdness & Mutations

You reflexively headbutt those who attack you in melee.
You have a pair of horns on your head.


Message History

The gnoll closely misses you. The gnoll hits you with a halberd!
Some of the chunks of flesh in your inventory have rotted away.
You hit the gnoll.
The gnoll is moderately wounded.
You barely miss the gnoll.
The gnoll is moderately wounded.
The gnoll hits you with a halberd!
The gnoll hits you from afar with a halberd!
A leopard gecko comes into view.
The leopard gecko hisses angrily.
The gnoll hits you from afar with a halberd!
* * * LOW HITPOINT WARNING * * *
The leopard gecko bites you.
* * * LOW HITPOINT WARNING * * *
A giant cockroach comes into view.
Okay, then.
An adder comes into view.
You miss the adder. The leopard gecko bites you.
You die...

## #.##.... #. #. #.##..
#. #.##### #)# . #.
#.....####.##.....#.
..###...................
........g.....(..#####..
.#..s.g.....(.....##.#
...s.#l##....(.(##+#...
.#.# #@##.......(. ### .
#S##..........
.'##.......((..
......#####..... #.#..
.. ...... #.#.... ..
.....


You could see 2 gnolls, an adder, a leopard gecko and a giant cockroach.

Vanquished Creatures
  The ghost of Gargoyl the Skirmisher, an amateur CeAK of Lugonu (D:3)
  2 adders
  3 gnolls
  A dart slug (D:1)
  2 leopard geckos
  4 orcs (D:3)
  9 bats
  3 giant cockroaches
  8 goblins
  7 hobgoblins (D:1)
  5 kobolds
  A ball python (D:1)
  4 frilled lizards
  6 rats
56 creatures vanquished.

Notes
Turn   | Place    | Note
-------+----------+-------------------------------------------
     0 | Abyss:1  | Bapho the Minotaur Abyssal Knight began the quest for the Orb.
     0 | Abyss:1  | Reached XP level 1. HP: 19/19 MP: 1/1
    29 | Abyss:1  | Found a corrupted altar of Lugonu.
   106 | Abyss:1  | Noticed a sixfirhy
   106 | D:1      | Escaped the Abyss
   216 | D:1      | Reached skill level 3 in Long Blades
   216 | D:1      | Reached XP level 2. HP: 20/27 MP: 2/2
   395 | D:1      | Reached * piety under Lugonu
   518 | D:1      | Reached XP level 3. HP: 30/33 MP: 3/3
  1252 | D:2      | Reached skill level 4 in Long Blades
  1868 | D:3      | Reached XP level 4. HP: 31/40 MP: 5/5
  1901 | D:3      | Noticed Gargoyl's ghost (amateur CeAK)
  1920 | D:3      | Killed Gargoyl's ghost
  1920 | D:3      | Reached ** piety under Lugonu
  1920 | D:3      | Reached skill level 5 in Long Blades
  1920 | D:3      | Reached XP level 5. HP: 18/46 MP: 6/6
  2389 | D:3      | HP: 2/46 [leopard gecko (4)]
  2393 | D:3      | Slain by a leopard gecko

Skill      XL: |  1  2  3  4 |
---------------+-------------+-----
Invocations    | 2 3 |  3.4
Long Blades    | 3 4 5 |  5.7
Fighting       | |  3.8
Armour         | |  2.4
Dodging        | |  1.1

Action                   |  1- 3 |  4- 6 || total
-------------------------+-------+-------++-------
Melee: Falchion          |    87 |    39 ||   126
       Headbutt          |    10 |    10 ||    20
Throw: Stone             |    86 |    32 ||   118
Invok: Depart the Abyss  |     1 |       ||     1
  Use: Scroll            |     6 |       ||     6
  Eat: Chunk             |     3 |     2 ||     5
Armor: Ring mail         |    29 |       ||    29
       Leather armour    |     1 |       ||     1
       Scale mail        |    12 |     5 ||    17
Dodge: Dodged            |    56 |    14 ||    70
       Rpst.: Falchion   |    15 |     6 ||    21
